 Dungeon Sprint DCSS version 0.31-a0-37-g98a128e1d9 (webtiles) character file.

Game seed: 1983666049810312088

1624 bmack86 the Severer (level 8, -5/124 HPs)
             Began as a Minotaur Berserker on May 15, 2023.
             Was a High Priest of Trog.
             Slain by a skeletal warrior
             ... wielding a +0 halberd
              (12 damage)
             ... in the Dungeon (Sprint IX: "|||||||||||||||||||||||||||||").
             The game lasted 00:03:15 (226 turns).

bmack86 the Severer (Minotaur Berserker)             Turns: 226, Time: 00:03:15

Health: -5/124     AC: 19    Str: 23    XL:     8   Next: 65%
Magic:  2/2        EV:  8    Int:  7    God:    Trog [*****.]
Gold:   0          SH:  0    Dex: 14    Spells: 7/7 levels left

rFire   + . .        a - +0 battleaxe (antimagic)
rCold   . . .        (shield currently unavailable)
rNeg    . . .        t - +1 plate armour {rF+}
rPois   .            (helmet restricted)
rElec   .            o - +0 cloak
rCorr   .            p - +0 pair of gloves
SInv    .            (no boots)
Will    .....        (no amulet) Stlth
                     r - +3 ring of dexterity
HPRegen 0.40/turn    s - +3 ring of intelligence
MPRegen 0.08/turn

%: no teleportation
@: berserking, hasted, very quick
A: horns 2, retaliatory headbutt
a: Renounce Religion, Berserk, Trog's Hand, Brothers in Arms


You were in the Dungeon.
You worshipped Trog.
Trog was extremely pleased with you.
You visited 1 branch

Inventory:

Hand Weapons
 a - a +0 antimagic battleaxe (weapon)
 n - a +1 broad axe of draining
Armour
 o - a +0 cloak (worn)
 p - a +0 pair of gloves (worn)
 t - a +1 plate armour of fire resistance (worn)
Jewellery
 r - a +3 ring of dexterity (left hand)
 s - a +3 ring of intelligence (right hand)
Wands
 l - a wand of acid (10) (quivered)
Scrolls
 h - 2 scrolls of blinking
 m - 2 scrolls of amnesia
Potions
 c - 5 potions of curing
 d - 2 potions of heal wounds
 f - 4 potions of magic
 g - a potion of berserk rage
 k - a potion of invisibility


   Skills:
 + Level 11.9 Fighting
 * Level 16.0 Axes
 + Level 11.5 Armour
 - Level 2.3 Dodging
 + Level 3.8 Evocations


You had 7 spell levels left.
You didn't know any spells.
Your spell library was empty.

Dungeon Overview and Level Annotations

Branches:
Dungeon (1/1)

Altars:
Cheibriados
Dithmenos
Elyvilon
Fedhas
Gozag
Hepliaklqana
Kikubaaqudgha
Makhleb
Nemelex Xobeh
Okawaru
Qazlal
Ru
Sif Muna
Trog
Uskayaw
Vehumet
Wu Jian
Xom
Yredelemnul
Zin
The Shining One
Jiyva
Lugonu


Innate Abilities, Weirdness & Mutations

You have a pair of horns on your head.
You reflexively headbutt those who attack you in melee.


Message History

The skeletal warrior hits you from afar with a +0 halberd!
* * * LOW HITPOINT WARNING * * *
The centaur warrior hits you but does no damage.
The centaur warrior kicks you but does no damage.
Okay, then.
You feel yourself speed up.
You recover from your berserk rage.
The centaur warrior hits you but does no damage.
The centaur warrior kicks you but does no damage.
The skeletal warrior hits you from afar with a +0 halberd.
* * * LOW HITPOINT WARNING * * *
You slash the centaur warrior! You drain the centaur warrior.
You headbutt the centaur warrior, but do no damage.
The centaur warrior is severely wounded.
The centaur warrior hits you but does no damage.
The centaur warrior kicks you but does no damage.
The skeletal warrior hits you from afar with a +0 halberd!
* * * LOW HITPOINT WARNING * * *
You slice the centaur warrior!!
You kill the centaur warrior!
Trog accepts your kill. Trog grants you a weapon!
Something appears at your feet!
You see here a +0 antimagic battleaxe.
Your Axes skill gained 2 levels and is now at level 16!
Your Armour skill increases to level 11!
Your Evocations skill increases to level 3!
a - a +0 antimagic battleaxe The skeletal warrior misses you.
You feel magic leave you.
a - a +0 antimagic battleaxe (weapon)
A red film seems to cover your vision as you go berserk!
You feel yourself moving faster!
You feel mighty!
The skeletal warrior closely misses you.
You feel a strong urge to attack something.
The howler monkey hoots and howls with incredible vigour!
Things that are here:
a +0 shortbow; a centaur corpse You hit the skeletal warrior but do no damage.
The skeletal warrior hits you with a +0 halberd!
You die...

▓+▓
▓c▓
▓h▓
▓l▓
▓z▓
▓@▓
▓)▓
▓'▓
▓.▓
▓.▓
▓.▓
▓.▓
▓[▓
▓)▓


You could see a skeletal warrior, a komodo dragon, a centaur and a howler monkey
(catching breath).

Vanquished Creatures
  A centaur warrior (D)
  An efreet (D)
  A troll (D)
  A vampire (D)
  2 orc warriors (D)
  A centaur (D)
  A scorpion (D)
  A killer bee (D)
  A jelly (D)
  An iguana (D)
  2 orcs (D)
  2 endoplasms (D)
  A giant cockroach (D)
  A hobgoblin (D)
  A frilled lizard (D)
18 creatures vanquished.

Notes
Turn   | Place    | Note
-------+----------+-------------------------------------------
     0 | D        | bmack86 the Minotaur Berserker began the quest for the Orb.
     0 | D        | Reached XP level 1. HP: 19/19 MP: 0/0
     8 | D        | Reached skill level 4 in Axes
    11 | D        | Reached ** piety under Trog
    19 | D        | Noticed a jelly
    19 | D        | Noticed a scorpion
    19 | D        | Noticed an iguana
    24 | D        | Killed an iguana
    25 | D        | Reached skill level 5 in Fighting
    25 | D        | Reached skill level 6 in Axes
    25 | D        | Reached XP level 2. HP: 29/29 MP: 1/1
    25 | D        | Reached XP level 3. HP: 36/36 MP: 2/2
    25 | D        | Reached *** piety under Trog
    28 | D        | Killed a scorpion
    29 | D        | Reached skill level 8 in Axes
    29 | D        | Reached skill level 5 in Armour
    29 | D        | Reached XP level 4. HP: 45/45 MP: 3/3
    90 | D        | Found a snail-covered altar of Cheibriados.
    90 | D        | Found a shadowy altar of Dithmenos.
    90 | D        | Found a white marble altar of Elyvilon.
    90 | D        | Found a blossoming altar of Fedhas.
    90 | D        | Found an opulent altar of Gozag.
    91 | D        | Found a hazy altar of Hepliaklqana.
    92 | D        | Found a viscous altar of Jiyva.
    93 | D        | Found an ancient bone altar of Kikubaaqudgha.
    94 | D        | Found a corrupted altar of Lugonu.
    95 | D        | Found a burning altar of Makhleb.
    96 | D        | Found a sparkling altar of Nemelex Xobeh.
    97 | D        | Found an iron altar of Okawaru.
    98 | D        | Found a stormy altar of Qazlal.
    99 | D        | Found a sacrificial altar of Ru.
   100 | D        | Found a shimmering blue altar of Sif Muna.
   101 | D        | Found a bloodstained altar of Trog.
   102 | D        | Found a hide-covered altar of Uskayaw.
   103 | D        | Found a radiant altar of Vehumet.
   104 | D        | Found an ornate altar of the Wu Jian Council.
   105 | D        | Found a shimmering altar of Xom.
   106 | D        | Found a basalt altar of Yredelemnul.
   107 | D        | Found a glowing silver altar of Zin.
   108 | D        | Found a glowing golden altar of the Shining One.
   162 | D        | Noticed an orc warrior
   162 | D        | Noticed a vampire
   162 | D        | Noticed an orc warrior
   162 | D        | Noticed a troll
   162 | D        | Noticed a centaur
   166 | D        | Killed a centaur
   166 | D        | Reached **** piety under Trog
   167 | D        | Reached skill level 10 in Axes
   167 | D        | Reached XP level 5. HP: 53/53 MP: 4/4
   172 | D        | Killed a troll
   173 | D        | Reached skill level 12 in Axes
   173 | D        | Reached XP level 6. HP: 64/64 MP: 5/5
   175 | D        | Killed an orc warrior
   176 | D        | Reached skill level 13 in Axes
   176 | D        | Reached XP level 7. HP: 71/71 MP: 6/6
   177 | D        | Killed a vampire
   177 | D        | Reached ***** piety under Trog
   178 | D        | Reached skill level 10 in Fighting
   178 | D        | Reached skill level 14 in Axes
   178 | D        | Reached skill level 10 in Armour
   206 | D        | Noticed a komodo dragon
   206 | D        | Noticed a skeletal warrior
   206 | D        | Noticed a centaur warrior
   206 | D        | Noticed an efreet
   214 | D        | Killed an efreet
   215 | D        | Reached XP level 8. HP: 44/82 MP: 7/7
   220 | D        | HP: 4/82 [skeletal warrior/+0 halberd (16)]
   221 | D        | Killed a centaur warrior
   221 | D        | Received a gift from Trog
   222 | D        | Reached skill level 16 in Axes
   226 | D        | Slain by a skeletal warrior

Illustrated notes

Levels and vault maps discovered:
D:        linesprint [early_d, line_temple, items_1, d_10, items_2, lair_1,
          lair_end, items_3, orc_1, orc_end, items_4, d_15, swamp_1, shoals_1,
          snake_1, spider_1, d_20, vaults_1, items_5, swamp_end, shoals_end,
          snake_end, spider_end, vaults_end, d_27, items_6, zot_1, zot_end,
          crypt_end, forest_end, elf_end, slime_end, tomb_end, abyss_end,
          pan_hell_end]

Skill      XL: |  1  2  3  4  5  6  7  8 |
---------------+-------------------------+-----
Fighting       | 5 6 7 9 11 | 11.9
Axes           | 6 8 10 12 13 14 16 | 16.0
Armour         | 4 5 7 9 10 11 | 11.5
Evocations     | 2 3 |  3.8
Dodging        | |  2.3

Action                     |  1- 3 |  4- 6 |  7- 9 || total
---------------------------+-------+-------+-------++-------
  Melee: Hand axe          |    16 |     5 |       ||    21
         Broad axe         |       |    10 |    18 ||    28
         Headbutt          |       |     2 |     3 ||     5
         Battleaxe         |       |       |     1 ||     1
 Invoke: Berserk           |     1 |     1 |     1 ||     3
    Use: Potion            |       |       |     2 ||     2
 Armour: Animal skin       |     1 |       |       ||     1
         Chain mail        |       |     8 |     1 ||     9
         Plate armour      |       |       |    16 ||    16
  Dodge: Dodged            |     4 |     9 |     6 ||    19

Table legend: (Time is in decaauts)
 A = Elapsed time spent in this place.
 B = Non-inter-level travel time spent in this place.
 C = Inter-level travel time spent in this place.
 D = Time resting spent in this place.
 E = Time spent auto-exploring this place.
 F = Levels seen in this place.
 G = Mean time per level.
                   A        B        C        D        E       F      G
               +--------+--------+--------+--------+--------+-----+--------+
         Total |    239 |    239 |      0 |     44 |      0 |   1 |  239.0 |
       Dungeon |    239 |    239 |      0 |     44 |      0 |   1 |  239.0 |
               +--------+--------+--------+--------+--------+-----+--------+

Top non-repeatable levels by time:
       D: 239 daAuts
